 Dungeon Crawl Stone Soup version 0.19.0-2-gae57169 (webtiles) character file.

1314 Guinours the Spear-Bearer (level 8, -10/61 HPs)
             Began as a Merfolk Gladiator on Nov 4, 2016.
             Was an Initiate of Makhleb.
             Killed from afar by slayr's ghost (14 damage)
             ... with an orb of energy
             ... on level 6 of the Dungeon.
             The game lasted 00:29:09 (5207 turns).

Guinours the Spear-Bearer (Merfolk Gladiator)       Turns: 5207, Time: 00:29:11

Health: -10/61     AC: 13    Str: 16    XL:     8   Next: 58%
Magic:  8/8        EV: 14    Int:  8    God:    Makhleb [......]
Gold:   307        SH:  0    Dex: 15    Spells: 0 memorised, 7 levels left

rFire  . . .     SeeInvis +     G - +0 spear (venom)
rCold  . . .     Gourm    .     y - +5 ring mail {MR+}
rNeg   . . .     Faith    .     (no shield)
rPois  .         Spirit   .     c - +1 helmet
rElec  .         Reflect  .     w - +0 cloak
rCorr  .         Harm     .     (no gloves)
MR     +....                    (no boots)
Stlth  +.........               B - amulet of regeneration
                                (no ring)
                                u - ring of see invisible

@: very slightly contaminated, drained
A: change form in water, swift swim, stealthy swim
a: Renounce Religion


You were on level 6 of the Dungeon.
You worshipped Makhleb.
Makhleb was noncommittal.
You were not hungry.

You visited 1 branch of the dungeon, and saw 6 of its levels.

You collected 307 gold pieces.

Inventory:

Hand Weapons
 a - a +0 trident
 G - a +0 spear of venom (weapon)
Missiles
 d - 3 throwing nets
 j - 94 stones
 x - 3 javelins (quivered)
Armour
 c - a +1 helmet (worn)
 l - a +0 leather armour of cold resistance
 w - a +0 cloak (worn)
 y - a +5 ring mail of magic resistance (worn)
 J - a +0 ring mail
Jewellery
 u - a ring of see invisible (left hand)
 B - an amulet of regeneration (around neck)
Scrolls
 e - 5 scrolls of remove curse
 g - a scroll of random uselessness
 i - 2 scrolls of immolation
 m - 2 scrolls of fear {unknown}
 q - 4 scrolls of magic mapping
 r - a scroll of amnesia {unknown}
 s - a scroll of teleportation
 v - 2 scrolls of identify
 A - a scroll of noise {unknown}
 C - 2 scrolls of enchant weapon {unknown}
Potions
 b - a potion of berserk rage {unknown}
 n - 2 potions of agility {unknown}
 t - a potion of cure mutation {unknown}
 z - 2 potions of flight {unknown}
 D - 2 potions of haste {unknown}
 F - a potion of might {unknown}
 H - a potion of invisibility {unknown}
 I - a potion of resistance {unknown}
 L - a potion of ambrosia {unknown}
 M - 2 potions of mutation {unknown}
Comestibles
 f - 3 bread rations
 h - a royal jelly
 o - 5 meat rations
 p - a beef jerky
 E - a slice of pizza


   Skills:
 + Level 4.6(4.1) Fighting
 + Level 10.8(10.3) Polearms
 + Level 2.1(1.7) Throwing
 + Level 3.4(2.9) Armour
 + Level 6.4(5.9) Dodging
 + Level 0.2(0.0) Stealth


You had 7 spell levels left.
You didn't know any spells.

Dungeon Overview and Level Annotations

Branches:
Dungeon (6/15)
 Temple: D:4-7

Altars:
Dithmenos
Hepliaklqana
Makhleb
Ru
Xom
Zin
The Shining One

Shops:
D:4 :

Annotations:
D:6 slayr's ghost, novice DrCj


Message History

You closely miss slayr's ghost.
Slayr's ghost is severely damaged.
Slayr's ghost hits you.
* * * LOW HITPOINT WARNING * * *
Slayr's ghost burns you.
* * * LOW HITPOINT WARNING * * *
You closely miss slayr's ghost.
Slayr's ghost is severely damaged.
You hit slayr's ghost but do no damage.
Slayr's ghost is severely damaged.
Slayr's ghost breathes negative energy at you.
The bolt of negative energy hits you!
You feel drained.
* * * LOW HITPOINT WARNING * * *
You closely miss slayr's ghost.
Slayr's ghost is severely damaged.
You hit slayr's ghost.
Slayr's ghost is severely damaged.
Slayr's ghost gestures at you while chanting.
The orb of energy hits you!
You die...

#.........# #.......#
#.# #####.#######
#..####.# #.#
#........####..####.##
#.#
#..##................#
#.#
#.....##.##.....#.....
..#
#.######.###.........#
#.######.# ##r......##
#........# #W#######
########## #@# #.# #.#
#.# #######.########
#.....#........#
#.###.#..#####.##
#.###.#.........#
#####.#....>....##..#


You could see slayr's ghost and a quokka.

Vanquished Creatures
  The ghost of Apogee the Magician, an amateur HEWz (D:4)
  2 ogres
  A black bear (D:5)
  2 centaurs (D:5)
  A bullfrog (D:5)
  A gnoll sergeant (D:5)
  A water moccasin zombie (D:5)
  2 scorpions
  2 crimson imps (D:5)
  2 orc priests (D:3)
  An iguana (D:5)
  Ijyb (D:3)
  3 worker ants
  Terence (D:2)
  2 hound zombies (D:6)
  3 hound skeletons
  6 adders
  A shadow imp (D:5)
  An ooze (D:4)
  An adder skeleton (D:5)
  3 worms
  A dart slug (D:2)
  2 leopard geckos
  8 orcs
  6 bats
  4 giant cockroaches
  7 goblins
  8 hobgoblins
  11 jackals
  5 quokkas
  4 frilled lizards
  7 kobolds
  A quokka skeleton (D:5)
  3 rats
105 creatures vanquished.

Notes
Turn   | Place    | Note
-------+----------+-------------------------------------------
     0 | D:1      | Guinours the Merfolk Gladiator began the quest for the Orb.
     0 | D:1      | Reached XP level 1. HP: 16/16 MP: 1/1
    84 | D:1      | Reached XP level 2. HP: 18/22 MP: 2/2
   695 | D:2      | Reached skill level 5 in Polearms
  1028 | D:2      | Reached XP level 3. HP: 27/27 MP: 3/3
  1072 | D:2      | Noticed Terence
  1106 | D:2      | Killed Terence
  1106 | D:2      | Reached XP level 4. HP: 22/34 MP: 4/4
  1717 | D:3      | Noticed Ijyb
  1735 | D:3      | Killed Ijyb
  1991 | D:3      | Reached skill level 1 in Armour
  2001 | D:3      | Reached skill level 6 in Polearms
  2207 | D:3      | Reached XP level 5. HP: 40/40 MP: 5/5
  2264 | D:3      | Reached skill level 5 in Dodging
  2559 | D:4      | Noticed an ogre
  2567 | D:4      | HP: 2/41 [ogre/giant club (8)]
  2572 | D:4      | Killed an ogre
  2572 | D:4      | Reached skill level 7 in Polearms
  2572 | D:4      | Reached XP level 6. HP: 25/47 MP: 6/6
  2796 | D:4      | Reached skill level 8 in Polearms
  2811 | D:4      | Found Leurros's Book Boutique.
  2812 | D:4      | Noticed Apogee's ghost (amateur HEWz)
  2837 | D:4      | Killed Apogee's ghost
  2837 | D:4      | Reached XP level 7. HP: 39/52 MP: 7/7
  2933 | D:4      | Found a sacrificial altar of Ru.
  2941 | D:4      | Became a worshipper of Ru the Awakened
  3164 | D:5      | Entered Level 5 of the Dungeon
  3210 | D:5      | Reached skill level 9 in Polearms
  3282 | D:5      | Found a glowing silver altar of Zin.
  3319 | D:5      | Found a hazy altar of Hepliaklqana.
  3404 | D:5      | Reached XP level 8. HP: 53/60 MP: 8/8
  3599 | D:5      | Reached skill level 10 in Polearms
  3647 | D:5      | HP: 3/60 [poisoned by a gnoll sergeant]
  3652 | D:5      | HP: 3/60 [poisoned by a gnoll sergeant]
  3657 | D:5      | HP: 3/60 [poisoned by a gnoll sergeant]
  3808 | D:5      | Found a glowing golden altar of the Shining One.
  3810 | D:5      | Found a shadowy altar of Dithmenos.
  3812 | D:5      | Found a burning altar of Makhleb.
  3841 | D:5      | Fell from the grace of Ru
  3841 | D:5      | Became a worshipper of Makhleb the Destroyer
  3982 | D:5      | Found a shimmering altar of Xom.
  4150 | D:5      | Found a hazy altar of Hepliaklqana.
  5160 | D:6      | Noticed slayr's ghost (novice DrCj)
  5205 | D:6      | HP: 3/61 [slayr's ghost/bolt of negative energy (6)]
  5207 | D:6      | Killed from afar by slayr's ghost

Skill      XL: |  1  2  3  4  5  6  7  8 |
---------------+-------------------------+-----
Polearms       | 5 6 7 8 9 10 | 10.8
Armour         | 1 2 3 |  3.4
Fighting       | 3 4 |  4.6
Dodging        | 5 6 |  6.4
Throwing       | |  2.1
Stealth        | |  0.2

Action                   |  1- 3 |  4- 6 |  7- 9 || total
-------------------------+-------+-------+-------++-------
Melee: Trident           |    91 |   212 |    90 ||   393
       Spear             |       |       |   174 ||   174
  Use: Scroll            |     3 |     3 |     2 ||     8
       Potion            |       |     2 |     1 ||     3
 Stab: Invisible         |       |       |     8 ||     8
  Eat: Chunk             |       |     2 |     6 ||     8
       Bread ration      |       |     1 |       ||     1
       Meat ration       |       |       |     1 ||     1
Armor: Leather armour    |     1 |       |       ||     1
       Scale mail        |    25 |       |       ||    25
       Ring mail         |       |    83 |    59 ||   142
Dodge: Dodged            |    44 |   115 |   132 ||   291
